 Dungeon Crawl Stone Soup version 0.18.1-47-g9310371 (webtiles) character file.

24820 Peloso the Blocker (level 12, -3/108 HPs)
             Began as a Minotaur Fighter on June 23, 2016.
             Was a High Priest of Okawaru.
             Killed by nerve-wracking pain
             ... invoked by a shadow imp
              (4 damage)
             ... on level 12 of the Dungeon.
             The game lasted 00:36:53 (13307 turns).

Peloso the Blocker (Minotaur Fighter)              Turns: 13307, Time: 00:36:56

Health: -3/108     AC: 19    Str: 24    XL:     12   Next: 84%
Magic:  12/13      EV: 12    Int:  5    God:    Okawaru [*****.]
Gold:   1010       SH:  9    Dex: 16    Spells: 0 memorised, 11 levels left

rFire  x . .     SeeInvis +     k - +1 long sword of Dopnoine {flame, +Blink Dex+4 SInv}
rCold  + + .     Gourm    .     u - +0 chain mail {rC+}
rNeg   . . .     Faith    .     V - +1 buckler {reflect}
rPois  +         Spirit   .     (helmet restricted)
rElec  .         Dismiss  .     U - +2 cloak
rCorr  .         Reflect  +     (no gloves)
SustAt .         Harm     .     l - +2 pair of boots
MR     .....                    (no amulet)
Stlth  ..........               w - ring of ice
                                y - ring of poison resistance

@: vulnerable, not resistant to hostile enchantments, extremely unstealthy
A: retaliatory headbutt, horns 2
a: Heroism, Finesse, Renounce Religion, Evoke Blink


You were on level 12 of the Dungeon.
You worshipped Okawaru.
Okawaru was extremely pleased with you.
You were near starving.

You visited 2 branches of the dungeon, and saw 13 of its levels.
You also visited: Ossuary.

You collected 1010 gold pieces.

Inventory:

Hand Weapons
 a - a +0 long sword
 k - the +1 long sword of Dopnoine (weapon) {flame, +Blink Dex+4 SInv}
   (You found it on level 11 of the Dungeon)

   It has been specially enchanted to burn those struck by it, causing extra
   injury to most foes and up to half again as much damage against particularly
   susceptible opponents.
   Big, fiery blades are also staple armaments of hydra-hunters.
   It affects your dexterity (+4).
   It lets you see invisible.
   It lets you blink.
Armour
 b - a +0 plate armour
 l - a +2 pair of boots (worn)
 u - a +0 chain mail of cold resistance (worn)
 U - a +2 cloak (worn)
 V - a +1 buckler of reflection (worn)
Jewellery
 q - an uncursed ring of positive energy
 w - a ring of ice (right hand)
 y - a ring of poison resistance (left hand)
 D - an uncursed ring of see invisible
Wands
 c - a wand of digging (20/24)
 P - a wand of disintegration (3/24)
Scrolls
 d - a scroll of fog
 e - 4 scrolls of remove curse
 g - 3 scrolls of magic mapping
 m - 6 scrolls of teleportation
 n - 3 scrolls of enchant armour
 p - a scroll of recharging
 E - 3 scrolls of blinking
Potions
 h - 3 potions of berserk rage
 r - 2 potions of agility
 t - 6 potions of curing
 A - 2 potions of cancellation
 C - 2 potions of haste
 G - 2 potions of flight
 M - 3 potions of might
 O - 2 potions of brilliance {unknown}
 T - a potion of magic {unknown}
Comestibles
 f - 10 bread rations
 i - 11 fruits
 j - 5 chunks of flesh
 o - 4 meat rations
 s - 11 slices of pizza


   Skills:
 + Level 10.9 Fighting
 + Level 12.9 Long Blades
 + Level 11.8 Armour
 + Level 6.1 Dodging
 + Level 1.0 Stealth
 + Level 14.4 Shields
 + Level 3.3 Invocations


You had 11 spell levels left.
You didn't know any spells.

Dungeon Overview and Level Annotations

Branches:
Dungeon (12/15)            Temple (1/1) D:5            Lair (0/8) D:10
    Orc (0/2) D:9

Altars:
Ashenzari
Cheibriados
Dithmenos
Elyvilon
Fedhas
Gozag
Kikubaaqudgha
Makhleb
Nemelex Xobeh
Okawaru
Pakellas
Qazlal
Ru
Sif Muna
Trog
Vehumet
Xom
Yredelemnul
Zin
The Shining One

Portals:
Trove: D:10 (show abyssal rune of Zot)

Annotations:
D:9 exclusions: obsidian statue and orange crystal statue


Innate Abilities, Weirdness & Mutations

You reflexively headbutt those who attack you in melee.
You have a pair of horns on your head.


Message History

The vampire mosquito bites you!
* * * LOW HITPOINT WARNING * * *
You block the vampire mosquito's attack.
The vampire mosquito closely misses you.
You furiously retaliate!
You headbutt the vampire mosquito!
Found an escape hatch in the ceiling.
A vampire mosquito comes into view.
You slash the vampire mosquito! You burn the vampire mosquito!
Your headbutt misses the vampire mosquito.
The vampire mosquito is severely damaged.
The vampire mosquito misses you.
You block the vampire mosquito's attack.
The vampire mosquito bites you.
* * * LOW HITPOINT WARNING * * *
The vampire mosquito bites you!
* * * LOW HITPOINT WARNING * * *
The vampire mosquito draws strength from your injuries!
The shadow imp gestures at you. Pain shoots through your body!
You die...

####...####.#####.#
.............# #.#
######.####### #.#
#.# #####.####
##+## #.....<...
##...## #.###.###.
##...<.## # #.# #.
##..yyy..## #.#.#.#
#. #....@....#
#......##.
+.....y...+
..........
#.....5...#
.....#.#..
##.......##
..#.##.#..
##.....## .....
##...## ...#.#
##+## #.###.# #.
#.# #. #.#


You could see 4 vampire mosquitoes and a shadow imp.

Vanquished Creatures
  A fire giant (D:9)
  Snorg (D:11)
  A yaktaur captain (D:11)
  Erolcha (D:8)
  The ghost of Caphalor the Destroyer, a journeyman DECj of Sif Muna (D:12)
  2 centaur warriors (D:11)
  A tengu warrior (D:9)
  4 skeletal warriors (D:11)
  2 unseen horrors (D:11)
  Pikel (D:7)
  3 hill giants
  A phantasmal warrior (D:12)
  A griffon (D:9)
  2 ugly things
  A manticore (D:11)
  2 cyclopes
  Maurice (D:11)
  2 gargoyles
  Psyche (D:8)
  2 freezing wraiths
  2 komodo dragons
  A tengu conjurer (D:9)
  A troll (D:11)
  2 two-headed ogres
  5 yaks
  A wyvern (D:11)
  A steam dragon (D:10)
  A human (D:7)
  2 hippogriffs (D:11)
  2 hungry ghosts
  A water moccasin (D:6)
  5 sky beasts
  2 ice beasts
  2 black bears
  A wasp (D:11)
  3 orc warriors
  4 ogres
  2 phantoms
  4 centaurs
  3 crocodiles (D:12)
  12 giant frogs
  A wyvern zombie (D:7)
  A water moccasin zombie (D:10)
  A wyvern skeleton (D:9)
  6 scorpions
  2 water moccasin skeletons
  14 killer bees
  A howler monkey (D:4)
  3 giant frog zombies
  5 crimson imps
  The ghost of mora the Firebug, a weakling HEFE of Vehumet (D:4)
  Crazy Yiuf (D:5)
  A centaur skeleton (D:5)
  A centaur zombie (Ossuary)
  3 jellies
  9 orc priests
  3 hounds
  2 giant frog skeletons
  13 orc wizards
  5 iguanas
  5 worker ants
  A killer bee zombie (D:8)
  3 sheep (D:7)
  2 big kobold zombies (Ossuary)
  3 hound skeletons
  Robin (D:4)
  A howler monkey zombie (D:5)
  2 mummies (Ossuary)
  2 worker ant zombies
  6 adders
  4 gnolls (D:3)
  2 oozes
  An adder zombie (D:10)
  A dart slug (D:1)
  2 worms
  7 giant geckos
  52 orcs
  7 bats
  5 giant cockroaches
  13 hobgoblins
  5 jackals
  4 quokkas
  3 ball pythons
  A giant gecko zombie (D:7)
  5 giant newts
  5 gnoll zombies (Ossuary)
  13 goblins
  A goblin zombie (Ossuary)
  2 hobgoblin zombies (Ossuary)
  14 kobolds
  3 orc zombies (Ossuary)
  4 quokka zombies
  7 rats
348 creatures vanquished.

Vanquished Creatures (others)
  2 slaves (D:7)
  A scorpion (D:7)
  A centaur skeleton (D:7)
  An adder skeleton (D:8)
  A giant gecko (D:7)
  An orc (D:9)
  2 quokkas
  4 toadstools (D:1)
13 creatures vanquished.

Grand Total: 361 creatures vanquished

Notes
Turn   | Place    | Note
--------------------------------------------------------------
     0 | D:1      | Peloso the Minotaur Fighter began the quest for the Orb.
     0 | D:1      | Reached XP level 1. HP: 19/19 MP: 0/0
   143 | D:1      | Reached XP level 2. HP: 27/27 MP: 1/1
   829 | D:1      | Reached skill level 4 in Shields
   887 | D:2      | Reached XP level 3. HP: 33/33 MP: 2/2
  1126 | D:2      | Reached skill level 1 in Dodging
  1601 | D:3      | Reached XP level 4. HP: 24/40 MP: 3/3
  1624 | D:3      | Found a glowing golden altar of the Shining One.
  1938 | D:3      | Found an oddly glowing altar of Pakellas.
  2156 | D:3      | Reached XP level 5. HP: 47/47 MP: 4/4
  2700 | D:4      | Reached skill level 5 in Armour
  2743 | D:4      | Reached skill level 5 in Fighting
  2743 | D:4      | Reached skill level 5 in Shields
  2743 | D:4      | Reached XP level 6. HP: 35/56 MP: 5/5
  2879 | D:4      | Noticed Robin
  2888 | D:4      | Killed Robin
  3067 | D:4      | Noticed mora's ghost (weakling HEFE)
  3074 | D:4      | Killed mora's ghost
  3371 | D:5      | Entered Level 5 of the Dungeon
  3378 | D:5      | Reached XP level 7. HP: 61/61 MP: 6/6
  3390 | D:5      | Found a shadowy altar of Dithmenos.
  3616 | D:5      | Reached skill level 5 in Long Blades
  3705 | D:5      | Noticed Crazy Yiuf
  3710 | D:5      | Killed Crazy Yiuf
  3799 | D:5      | Reached skill level 6 in Shields
  3850 | D:5      | Found a staircase to the Ecumenical Temple.
  3869 | Temple   | Entered the Ecumenical Temple
  3902 | Temple   | Became a worshipper of Warmaster Okawaru
  4055 | D:5      | Found a shimmering altar of Xom.
  4111 | D:5      | Reached XP level 8. HP: 69/70 MP: 7/7
  4214 | D:5      | Found a deep blue altar of Sif Muna.
  4356 | D:6      | Found a glowing silver altar of Zin.
  4448 | D:6      | Found a shadowy altar of Dithmenos.
  4476 | D:6      | Found a sand-covered staircase.
  4485 | Ossuary  | Entered an ossuary
  4787 | D:6      | Reached skill level 7 in Shields
  4827 | D:6      | Found a sparkling altar of Nemelex Xobeh.
  4949 | D:6      | Reached * piety under Okawaru
  5242 | D:6      | Found a stormy altar of Qazlal.
  5362 | D:7      | Noticed Pikel
  5381 | D:7      | Killed Pikel
  5381 | D:7      | Reached ** piety under Okawaru
  5381 | D:7      | Reached skill level 8 in Shields
  5381 | D:7      | Reached XP level 9. HP: 77/79 MP: 8/8
  5710 | D:7      | Reached skill level 9 in Shields
  6760 | D:8      | Found a deep blue altar of Sif Muna.
  6830 | D:8      | Noticed Erolcha
  6852 | D:8      | Killed Erolcha
  6852 | D:8      | Reached *** piety under Okawaru
  6852 | D:8      | Reached skill level 10 in Shields
  6852 | D:8      | Reached XP level 10. HP: 9/88 MP: 9/9
  7229 | D:8      | Found a radiant altar of Vehumet.
  7233 | D:8      | Noticed Psyche
  7477 | D:8      | Killed Psyche
  7477 | D:8      | Reached skill level 5 in Dodging
  7546 | D:8      | Found a white marble altar of Elyvilon.
  7710 | D:8      | Found an ancient bone altar of Kikubaaqudgha.
  7727 | D:8      | Reached skill level 1 in Invocations
  7822 | D:9      | Found a snail-covered altar of Cheibriados.
  7896 | D:9      | Noticed an orange crystal statue
  7998 | D:9      | Noticed an obsidian statue
  8003 | D:9      | Noticed a soul eater
  8003 | D:9      | Noticed a soul eater
  8007 | D:9      | Noticed a sixfirhy
  8108 | D:9      | Found a blossoming altar of Fedhas.
  8250 | D:9      | Reached **** piety under Okawaru
  8382 | D:9      | Found a staircase to the Orcish Mines.
  8809 | D:9      | Found a runed door.
  8809 | D:9      | Noticed a tengu warrior
  8828 | D:9      | Killed a tengu warrior
  8828 | D:9      | Reached skill level 11 in Shields
  9156 | D:9      | Noticed a cyclops
  9163 | D:9      | Killed a cyclops
  9165 | D:9      | Noticed a fire giant
  9165 | D:9      | Noticed a griffon
  9172 | D:9      | Killed a griffon
  9172 | D:9      | Reached skill level 10 in Long Blades
  9180 | D:9      | Killed a fire giant
  9180 | D:9      | Reached ***** piety under Okawaru
  9180 | D:9      | Reached skill level 10 in Armour
  9180 | D:9      | Reached skill level 12 in Shields
  9180 | D:9      | Reached XP level 11. HP: 93/95 MP: 9/11
  9497 | D:10     | Entered Level 10 of the Dungeon
  9769 | D:10     | Found a staircase to the Lair.
  9990 | D:10     | Found a portal to a secret trove of treasure.
 10081 | D:10     | Received a gift from Okawaru
 10212 | D:11     | Noticed Maurice
 10215 | D:11     | Noticed an unseen horror
 10468 | D:11     | Killed an unseen horror
 10742 | D:11     | Killed Maurice
 10801 | D:11     | Reached skill level 13 in Shields
 10977 | D:11     | Noticed Snorg
 11001 | D:11     | Killed Snorg
 11001 | D:11     | Received a gift from Okawaru
 11307 | D:11     | Found a runed door.
 11431 | D:11     | Noticed a centaur warrior
 11433 | D:11     | Noticed an unseen horror
 11449 | D:11     | Killed a centaur warrior
 11449 | D:11     | Reached skill level 1 in Stealth
 11449 | D:11     | Reached XP level 12. HP: 84/106 MP: 10/12
 11493 | D:11     | Noticed a centaur warrior
 11518 | D:11     | Killed a centaur warrior
 11518 | D:11     | Reached skill level 10 in Fighting
 11634 | D:11     | Noticed a yaktaur captain
 11648 | D:11     | Killed a yaktaur captain
 11651 | D:11     | Got an iridescent long sword
 11652 | D:11     | Identified the cursed +1 long sword of Dopnoine {flame, +Blink Dex+4 SInv} (You found it on level 11 of the Dungeon)
 12332 | D:11     | Reached skill level 14 in Shields
 12540 | D:12     | Noticed Caphalor's ghost (journeyman DECj)
 12554 | D:12     | Killed Caphalor's ghost
 12799 | D:12     | Received a gift from Okawaru
 13272 | D:12     | Noticed a death knight
 13307 | D:12     | HP: 1/108 [vampire mosquito (8)]
 13307 | D:12     | Killed from afar by a shadow imp

Skill      XL: |  1  2  3  4  5  6  7  8  9 10 11 12 |
---------------+-------------------------------------+-----
Armour         | 4 5 6 7 9 10 11 | 11.8
Fighting       | 4 5 7 8 9 10 | 10.9
Shields        | 4 5 6 8 10 12 13 14 | 14.4
Long Blades    | 3 4 5 7 8 10 11 12 | 12.9
Dodging        | 1 2 3 4 5 6 |  6.1
Invocations    | 2 3 |  3.3
Stealth        | 1 |  1.0

Action                   |  1- 3 |  4- 6 |  7- 9 | 10-12 || total
-------------------------+-------+-------+-------+-------++-------
Melee: Long sword        |   109 |   147 |   360 |   797 ||  1413
       Headbutt          |    16 |    28 |    82 |   190 ||   316
Invok: Heroism           |       |       |     3 |    22 ||    25
 Abil: Evoke Blink       |       |       |       |     2 ||     2
  Use: Potion            |       |     1 |     1 |     1 ||     3
       Scroll            |       |       |    10 |    19 ||    29
  Eat: Chunk             |     2 |     6 |     9 |    19 ||    36
       Beef jerky        |       |       |     3 |     1 ||     4
       Fruit             |       |       |       |     1 ||     1
       Royal jelly       |       |       |       |     1 ||     1
Armor: Scale mail        |    59 |     9 |       |       ||    68
       Chain mail        |       |    90 |   169 |    37 ||   296
       Plate armour      |       |       |       |   263 ||   263
Dodge: Dodged            |    28 |    32 |   101 |   205 ||   366
Block: Shield            |    54 |    89 |   240 |   393 ||   776
       Buckler           |       |       |       |    87 ||    87
       Reflection        |       |       |       |     3 ||     3
